 Dungeon Crawl Stone Soup version 0.21-a0-349-g0c35859 (webtiles) character file.

253 vishdafish the Skirmisher (level 5, -9/43 HPs)
             Began as a Demonspawn Fighter on Oct 7, 2017.
             Blown up by a goblin (20 damage)
             ... with a wand of disintegration (?/24)
             ... on level 3 of the Dungeon.
             The game lasted 00:03:33 (2024 turns).

vishdafish the Skirmisher (Demonspawn Fighter)      Turns: 2024, Time: 00:03:34

Health: -9/43      AC:  7    Str: 17    XL:     5   Next: 90%
Magic:  5/5        EV:  8    Int: 10    God:
Gold:   92         SH:  9    Dex: 12    Spells: 4/4 levels left

rFire    . . .     SeeInvis .   a - +0 long sword
rCold    . . .     Gourm    .   c - +0 shield
rNeg     . . .     Faith    .   b - +0 scale mail
rPois    .         Spirit   .   (no helmet)
rElec    .         Reflect  .   (no cloak)
rCorr    +         Harm     .   (no gloves)
MR       .....                  (no boots)
Stlth    ..........             (no amulet)
HPRegen  0.14/turn              g - ring of resist corrosion
MPRegen  0.09/turn              (no ring)

@: no status effects
A: rugged brown scales 1, powered by death 1
a: no special abilities


You were on level 3 of the Dungeon.
You were very hungry.

You visited 1 branch of the dungeon, and saw 3 of its levels.

You collected 92 gold pieces.

Inventory:

Hand Weapons
 a - a +0 long sword (weapon)
Armour
 b - a +0 scale mail (worn)
 c - a +0 shield (worn)
Jewellery
 g - a ring of resist corrosion (left hand)
Wands
 d - a wand of flame (15/48)
Scrolls
 e - a scroll of fear {unknown}
 h - a scroll of identify {unknown}
 k - a scroll of remove curse {unknown}
 m - a scroll of recharging {unknown}
Potions
 j - a potion of brilliance {unknown}
Comestibles
 f - 2 bread rations
 l - 2 royal jellies


   Skills:
 + Level 3.8 Fighting
 * Level 3.5 Long Blades
 + Level 3.4 Armour
 + Level 1.8 Dodging
 + Level 3.5 Shields


You had 4 spell levels left.
You didn't know any spells.

Dungeon Overview and Level Annotations

Branches:
Dungeon (3/15)

Altars:
Elyvilon
Zin
The Shining One

Annotations:
D:2 Sigmund


Innate Abilities, Weirdness & Mutations

You are partially covered in rugged brown scales. (AC +1, +3% HP)
You regenerate a little health from kills.


Message History

You are blasted!
It is a wand of disintegration (?/24).
You hit the orc.
The orc is heavily wounded.
The orc hits you.
The goblin unwields an uncursed hunting sling.
The goblin closely misses you. The orc hits you but does no damage.
The goblin zaps a wand.
You barely resist.
Your shield and scale mail prevent you from hitting the orc.
The orc is heavily wounded.
You block the orc's attack.
The goblin zaps a wand.
You are blasted!
You are too injured to fight recklessly!
Unknown command.
Press: ? - help, v - describe, . - travel
Here: a goblin, carrying a wand of disintegration (?/24) {zapped: 3} The floor.
Okay, then.
You closely miss the goblin. The orc hits you.
* * * LOW HITPOINT WARNING * * *
The goblin zaps a wand.
You are blasted!
You die...

##......#
#.####.# #..# .#
#..## # #...##
#....# ######..#
.........#
.[.....#@#
.......#oggo....
.......##gK..###
....... .#.....
....... ....###
....... #.....
.. #.. ... #.


You could see 2 orcs, 3 goblins and a kobold.

Vanquished Creatures
  An orc priest (D:3)
  An orc wizard (D:3)
  Natasha (thrice) (D:2)
  A gnoll (D:1)
  5 adders
  An ooze (D:1)
  A worm (D:2)
  5 dart slugs
  3 orcs (D:3)
  2 giant cockroaches
  5 goblins
  8 hobgoblins
  A ball python (D:3)
  3 bats
  2 frilled lizards
  8 kobolds
  7 rats
57 creatures vanquished.

Notes
Turn   | Place    | Note
-------+----------+-------------------------------------------
     0 | D:1      | vishdafish the Demonspawn Fighter began the quest for the Orb.
     0 | D:1      | Reached XP level 1. HP: 18/18 MP: 1/1
    57 | D:1      | Gained mutation: You regenerate a little health from kills. [demonic ancestry]
    57 | D:1      | Reached XP level 2. HP: 13/24 MP: 2/2
   538 | D:1      | Reached XP level 3. HP: 23/29 MP: 3/3
   855 | D:2      | Noticed Natasha
   863 | D:2      | Killed Natasha
   863 | D:2      | Reached skill level 1 in Dodging
   863 | D:2      | Gained mutation: You are partially covered in rugged brown scales. (AC +1, +3% HP) [demonic ancestry]
   863 | D:2      | Reached XP level 4. HP: 21/36 MP: 4/4
  1024 | D:2      | Noticed Natasha
  1165 | D:2      | Killed Natasha
  1576 | D:2      | Found a white marble altar of Elyvilon.
  1576 | D:2      | Found a glowing golden altar of the Shining One.
  1576 | D:2      | Found a glowing silver altar of Zin.
  1628 | D:2      | Reached XP level 5. HP: 32/42 MP: 5/5
  1651 | D:2      | Noticed Natasha
  1670 | D:2      | Killed Natasha
  1791 | D:2      | Noticed Sigmund
  2024 | D:3      | Blown up by a goblin

Vault maps used:
D:1:      dpeg_arrival_rhombus
D:2:      wad_lake_hut, good_gods_mini_temple, first_bread, uniq_terence,
          uniq_natasha, uniq_sigmund
D:3:      minmay_misc_feat_square, hangedman_decor_clover_reticule, uniq_robin

Skill      XL: |  1  2  3  4 |
---------------+-------------+-----
Long Blades    | 2 3 |  3.5
Armour         | 3 |  3.4
Dodging        | 1 |  1.8
Shields        | 3 |  3.5
Fighting       | |  3.8

Action                   |  1- 3 |  4- 6 || total
-------------------------+-------+-------++-------
Melee: Long sword        |    94 |   111 ||   205
Evoke: Wand              |       |     1 ||     1
  Use: Potion            |       |     2 ||     2
  Eat: Chunk             |       |     3 ||     3
Armor: Scale mail        |    34 |    47 ||    81
Dodge: Dodged            |    32 |    42 ||    74
Block: Shield            |    49 |    56 ||   105
       Rpst.: Long sword |     7 |    12 ||    19

Table legend:
 A = Spawn XP
 B = Non-spawn XP
 C = Spawn XP percentage of total XP
 D = Spawn monster count
 E = Non-spawn monster count
 F = Spawn count percentage of total count
 G = Total turns spent on level
                    A         B        C        D         E        F      G
               +---------+---------+-------+---------+---------+-------+---------
         Total |       0 |     362 |   0.0 |       0 |      57 |   0.0 |  2024
               +---------+---------+-------+---------+---------+-------+---------
           D:1 |       0 |      59 |   0.0 |       0 |      24 |   0.0 |   848
           D:2 |       0 |     193 |   0.0 |       0 |      22 |   0.0 |   997
           D:3 |       0 |     110 |   0.0 |       0 |      11 |   0.0 |   179
               +---------+---------+-------+---------+---------+-------+---------
